 Dungeon Crawl Stone Soup version 0.29.1-2-gbd0b4ee654 (webtiles) character file.

Game seed: 4095954000397623837

107 Firos the Changer (level 4, 0/28 HPs)
             Began as an Octopode Transmuter on Nov 8, 2022.
             Killed by divine providence
             ... invoked by an orc priest
              (14 damage)
             ... on level 3 of the Dungeon.
             The game lasted 00:03:08 (2356 turns).

Firos the Changer (Octopode Transmuter)             Turns: 2356, Time: 00:03:12

Health: 0/28       AC:  2    Str:  9    XL:     4   Next: 85%
Magic:  1/8        EV: 19    Int: 17    God:
Gold:   56         SH:  0    Dex: 17    Spells: 1/9 levels left

rFire   . . .      SeeInvis .     - Unarmed
rCold   . . .      Faith    .   (shield currently unavailable)
rNeg    . . .      Spirit   .   (helmet currently unavailable)
rPois   x          Reflect  .   (no amulet)
rElec   .          Harm     .   (no ring)
rCorr   .          Rampage  .   (no ring)
Will    .....                   (no ring)
Stlth   ++........              (no ring)
HPRegen 0.09/turn               (no ring)
MPRegen 0.11/turn               (no ring)
                                (no ring)
                                (no ring)

@: spider-form, very slightly contaminated
A: venomous fangs, almost no armour, (amphibious), 8 rings, tiny, (camouflage
1), (gelatinous body 1), (nimble swimmer 1), (tentacles)
a: End Transformation


You were on level 3 of the Dungeon.
You were a venomous arachnid creature.
You visited 1 branch of the dungeon, and saw 3 of its levels.

You collected 56 gold pieces.

Inventory:

Jewellery
 e - a +6 ring of strength
Scrolls
 c - a scroll of noise {unknown}
 f - 3 scrolls of teleportation {unknown}
 h - a scroll of magic mapping {unknown}
 j - a scroll of identify
 k - a scroll of immolation {unknown}
Potions
 a - a potion of lignification
 b - 2 potions of might
 d - 2 potions of flight {unknown}
 g - a potion of haste {unknown}
 i - 3 potions of brilliance {unknown}
 l - a potion of heal wounds {unknown}


   Skills:
 - Level 1.0 Fighting
 - Level 2.0 Dodging
 - Level 3.0 Unarmed Combat
 + Level 3.0 Spellcasting
 * Level 4.1 Transmutations


You had one spell level left.
You knew the following spells:

 Your Spells              Type           Power      Damage    Failure   Level
a - Beastly Appendage     Tmut           32%        N/A       11%         1
b - Wereblood             Tmut           16%        N/A       14%         2
c - Spider Form           Tmut/Pois      9%         N/A       43%         3
d - Blink                 Tloc           4%         N/A       47%         2

Your spell library contained the following spells:

 Spells                   Type           Power      Damage    Failure   Level
 Necrotise                Necr           8%         1d4       36%         1
 Lesser Beckoning         Tloc           2%         N/A       67%         3
 Vampiric Draining        Necr           2%         2d6       67%         3
 Ice Form                 Ice/Tmut       9%         N/A       78%         4
 Agony                    Necr           2%         N/A       100%        5
 Manifold Assault         Tloc           2%         N/A       100%        5


Dungeon Overview and Level Annotations

Branches:
Dungeon (3/15)

Altars:


Innate Abilities, Weirdness & Mutations

You are a venomous arachnid creature.
You have poisonous fangs.
You are tiny and dextrous.
Your spellcasting is less reliable in this form.
Your armour is entirely melded.
You are incapable of wielding weapons or throwing items.
You cannot wear most types of armour.
((You are amphibious.))
You can wear up to eight rings at the same time.
((Your skin changes colour to match your surroundings (Stealth+).))
((Your rubbery body absorbs attacks. (AC +1, EV +1)))
((You are camouflaged when in or above water. (Stealth+)))
((You have tentacles for arms and can constrict up to eight enemies at once.))


Message History

Your transformation is almost over.
You kill the orc!
An orc priest comes into view. It is wielding a +0 club.
What are your orders? t - Hiss!
Orders for allies: a - Attack new target. r - Retreat! s - Stop attacking. g - Guard the area. f - Follow me.
Anything else - Cancel.
You hiss for attention!
Your transformation has ended.
Casting: Spider Form (quite dangerous; 22% risk of failure)
Confirm with . or Enter, or press ? or * to list all spells.
The spell is quite dangerous to miscast (22% risk of failure)!
Continue anyway?
You miscast Spider Form.
You are very lightly contaminated with residual magic.
Nothing appears to happen.
Casting: Spider Form (quite dangerous; 22% risk of failure)
Confirm with . or Enter, or press ? or * to list all spells.
The spell is quite dangerous to miscast (22% risk of failure)!
Continue anyway?
You turn into a venomous arachnid creature.
The orc priest hits you with a +0 club.
You hit the orc priest but do no damage.
The orc priest is poisoned.
The orc priest hits you with a +0 club.
You hit the orc priest but do no damage.
The orc priest looks as sick as possible!
The orc priest is lightly wounded.
The orc priest hits you with a +0 club.
You hit the orc priest.
The orc priest looks as sick as possible!
The orc priest is moderately wounded.
The orc priest hits you with a +0 club.
You are too injured to fight recklessly!
You hit the orc priest.
The orc priest looks as sick as possible!
The orc priest is moderately wounded.
The orc priest mumbles some strange prayers to Beogh against you.
Beogh smites you!
Ouch! That really hurt!
You die...

#......#..........
###...##...#######.#
#.......#..# .#
........#..# .###
#.......#..# ..o
###...###..# .. #
#...# #..# .# #
##### #..#######)# #
##.......so)# #
##...#########
##..#......
##.....####.
##.....##
####.......#
...........#
####.......#
##.....##


You could see an orc priest (extremely poisoned).

Vanquished Creatures
  An orc priest (D:3)
  3 adders (D:2)
  A worm (D:3)
  6 orcs (D:3)
  3 endoplasms
  4 giant cockroaches
  3 goblins (D:2)
  4 hobgoblins
  A quokka (D:1)
  2 ball pythons
  2 bats
  5 frilled lizards
  2 kobolds (D:2)
  4 rats
41 creatures vanquished.

Notes
Turn   | Place    | Note
-------+----------+-------------------------------------------
     0 | D:1      | Firos the Octopode Transmuter began the quest for the Orb.
     0 | D:1      | Reached XP level 1. HP: 13/13 MP: 3/3
   335 | D:1      | Reached XP level 2. HP: 18/18 MP: 3/5
   338 | D:1      | Learned a level 2 spell: Wereblood
   838 | D:1      | Found a faded altar of an unknown god.
   838 | D:1      | Noticed a sun demon
  1242 | D:2      | Reached skill level 3 in Transmutations
  1242 | D:2      | Reached XP level 3. HP: 23/23 MP: 4/6
  1305 | D:2      | Learned a level 3 spell: Spider Form
  1614 | D:2      | Reached XP level 4. HP: 13/28 MP: 6/8
  2088 | D:3      | Learned a level 2 spell: Blink
  2126 | D:3      | Reached skill level 4 in Transmutations
  2356 | D:3      | Killed from afar by an orc priest

Illustrated notes

Levels and vault maps discovered:
D:1:      tarquinn_simple_flora_water_a, layout_basic,
          dreamdust_ecumenical_altar_sealed_demon
D:2:      layout_basic
D:3:      layout_loops_ring

Skill      XL: |  1  2  3  4 |
---------------+-------------+-----
Transmutations | 3 4 |  4.1
Spellcasting   | 3 |  3.0
Fighting       | |  1.0
Dodging        | |  2.0
Unarmed Combat | |  3.0

Action                   |  1- 3 |  4- 6 || total
-------------------------+-------+-------++-------
Melee: Unarmed           |    67 |    37 ||   104
       Constrict         |    17 |     1 ||    18
       Tentacles         |    15 |     1 ||    16
       Kick              |     7 |       ||     7
       Punch             |     1 |       ||     1
 Cast: Beastly Appendage |     6 |     1 ||     7
       Spider Form       |       |     3 ||     3
  Use: Scroll            |     1 |       ||     1
 Stab: Sleeping          |     5 |     1 ||     6
Armor: Skin              |     2 |     1 ||     3
Dodge: Dodged            |    39 |    14 ||    53
